 Dungeon Crawl Stone Soup version 0.29-a0-298-g3c90f9a769 (webtiles) character file.

Game seed: 6379127398699096446

119 HotDog the Covered (level 5, -6/33 HPs)
             Began as a Gargoyle Fighter on Mar 23, 2022.
             Mangled by a gnoll
             ... wielding a +0 flail
              (9 damage)
             ... on level 2 of the Dungeon.
             The game lasted 00:03:07 (2129 turns).

HotDog the Covered (Gargoyle Fighter)               Turns: 2129, Time: 00:03:07

Health: -6/33      AC: 13    Str: 22    XL:     5   Next: 3%
Magic:  5/5        EV:  7    Int:  8    God:
Gold:   129        SH:  4    Dex:  9    Spells: 4/4 levels left

rFire   . . .      SeeInvis .   a - +1 flail
rCold   . . .      Faith    .   c - +0 buckler
rNeg    + . .      Spirit   .   f - +0 chain mail
rPois   ∞          Reflect  .   (no helmet)
rElec   +          Harm     .   (no cloak)
rCorr   .          Rampage  .   (no gloves)
Will    .....                   (no boots)
Stlth   ..........              (no amulet)
HPRegen 0.11/turn               (no ring)
MPRegen 0.09/turn               (no ring)

@: lit by a corona, glowing
A: sickness immunity, AC +4, negative energy resistance 1, electricity
resistance, torment resistance 1, petrification resistance
a: no special abilities


You were on level 2 of the Dungeon.
You visited 1 branch of the dungeon, and saw 3 of its levels.

You collected 129 gold pieces.

Inventory:

Hand Weapons
 a - a +1 flail (weapon)
Armour
 c - a +0 buckler (worn)
 f - a +0 chain mail (worn)
Jewellery
 h - a ring of fire
Scrolls
 e - a scroll of summoning
 k - a scroll of magic mapping {unknown}
 l - a scroll of immolation {unknown}
 p - a scroll of amnesia {unknown}
Potions
 b - a potion of degeneration {unknown}
 d - 3 potions of might
 i - a potion of attraction {unknown}
 j - 2 potions of curing
 m - a potion of flight {unknown}
 n - a potion of cancellation {unknown}
 o - a potion of resistance {unknown}


   Skills:
 * Level 3.7 Fighting
 * Level 3.1 Maces & Flails
 * Level 4.1 Armour
 * Level 0.9 Dodging
 * Level 3.8 Shields
 * Level 1.2 Invocations


You had 4 spell levels left.
You didn't know any spells.
Your spell library contained the following spells:

 Spells                   Type           Power      Damage    Failure   Level
 Tukima's Dance           Hex            0%         N/A       100%        3
 Anguish                  Hex/Necr       0%         N/A       100%        4
 Enfeeble                 Hex            0%         N/A       100%        7


Dungeon Overview and Level Annotations

Branches:
Dungeon (3/15)

Altars:
Wu Jian


Innate Abilities, Weirdness & Mutations

You are immune to sickness and miasma.
Your stone body is resilient. (AC +4)
You are immune to poison.
You resist negative energy. (rN+)
You are resistant to electric shocks. (rElec)
You are resistant to unholy torment.
You are immune to petrification.


Message History

You block the gnoll's attack. The gnoll hits you but does no damage.
The gnoll shaman barely misses you. The gnoll hits you with a +0 flail.
The gnoll shaman barely misses you. The gnoll closely misses you.
You closely miss the gnoll shaman.
The gnoll shaman is lightly wounded.
The gnoll hits you from afar with a +0 halberd.
You block the gnoll's attack. The gnoll hits you with a +0 flail.
The gnoll shaman hits you with a +0 whip.
You sock the gnoll shaman!
The gnoll shaman is heavily wounded.
The gnoll hits you from afar with a +0 halberd.
The gnoll hits you but does no damage. You block the gnoll shaman's attack.
The gnoll hits you but does no damage. The gnoll shaman barely misses you.
You block the gnoll's attack. The gnoll barely misses you.
The gnoll hits you but does no damage.
You climb upwards.
There is a stone staircase leading down here.
You barely miss the gnoll.
The gnoll shaman mumbles some strange prayers to its god against you.
You are outlined in light.
The gnoll hits you but does no damage. x2
You hit the gnoll.
The gnoll is heavily wounded.
The gnoll shaman utters an invocation to its god.
The gnoll shaman is healed somewhat.
The gnoll barely misses you. The gnoll hits you but does no damage.
The gnoll shaman hits you with a +0 whip.
* * * LOW HITPOINT WARNING * * *
You block the gnoll's attack. The gnoll hits you with a +0 flail.
* * * LOW HITPOINT WARNING * * *
As you read the scroll labelled XALONKIE MEDEVIM, it crumbles to dust.
It is a scroll of enchant weapon.
Your +0 flail glows red for a moment.
The gnoll shaman hits you with a +0 whip.
* * * LOW HITPOINT WARNING * * *
The gnoll hits you but does no damage. x2
You feel better.
The gnoll shaman hits you with a +0 whip.
* * * LOW HITPOINT WARNING * * *
You block the gnoll's attack. The gnoll hits you with a +0 flail!
You die...

...##.############.#
...##......# #.#
##.##......# ##.#
...........# #..#
##.###.....######.##
#.# #.....#......#
#†#####.###.####.#
#..<........####g#
##.###...##..#.g@)#
#....#.......#.##g#
#########
...........).#.##.#
#.......#
#..###..#.........#
#.#####.#
#..###..##.....####
#.#####.###
#...>........###
#.##.......
#######......#
##.##.##.###
##.##### #.....##.#
#...# #.##.....#


You could see a gnoll shaman and 2 gnolls.

Vanquished Creatures
  3 gnolls
  2 adders (D:2)
  3 worms (D:2)
  A dart slug (D:2)
  9 bats
  4 endoplasms
  3 giant cockroaches
  9 goblins
  8 hobgoblins
  3 kobolds
  2 quokkas (D:1)
  6 ball pythons
  5 frilled lizards
  3 rats
61 creatures vanquished.

Vanquished Creatures (others)
  10 plants
10 creatures vanquished.

Grand Total: 71 creatures vanquished

Notes
Turn   | Place    | Note
-------+----------+-------------------------------------------
     0 | D:1      | HotDog the Gargoyle Fighter began the quest for the Orb.
     0 | D:1      | Reached XP level 1. HP: 14/14 MP: 1/1
    91 | D:1      | Reached XP level 2. HP: 14/19 MP: 2/2
   422 | D:1      | Reached XP level 3. HP: 19/23 MP: 3/3
   468 | D:1      | Found a faded altar of an unknown god.
  1162 | D:2      | Reached XP level 4. HP: 28/28 MP: 4/4
  1169 | D:2      | Reached skill level 4 in Armour
  1169 | D:2      | Reached skill level 1 in Invocations
  2044 | D:3      | Found an ornate altar of the Wu Jian Council.
  2115 | D:2      | Reached XP level 5. HP: 31/33 MP: 5/5
  2129 | D:2      | Mangled by a gnoll

Illustrated notes

Levels and vault maps discovered:
D:1:      dpeg_arrival_stone_temple_mockup, layout_loops_ring,
          ebering_ecumenical_altar_rust, serial_forest,
          infiniplex_forest_clump_double, infiniplex_forest_lined_4_way,
          infiniplex_forest_lined_3_way, infiniplex_forest_clump_C,
          infiniplex_forest_straight_2, infiniplex_forest_lined_3,
          infiniplex_forest_clump_double
D:2:      layout_loops_cross, minmay_pentomino_r2
D:3:      layout_loops_ring, mainiacjoe_overflow_catch_the_wave,
          nicolae_grassy_gnolls

Skill      XL: |  1  2  3  4 |
---------------+-------------+-----
Armour         | 4 |  4.1
Invocations    | 1 |  1.2
Maces & Flails | 3 |  3.1
Fighting       | |  3.7
Dodging        | |  0.9
Shields        | |  3.8

Action                   |  1- 3 |  4- 6 || total
-------------------------+-------+-------++-------
Melee: Flail             |   114 |    78 ||   192
  Use: Scroll            |       |     3 ||     3
       Potion            |       |     1 ||     1
Armor: Scale mail        |    79 |    25 ||   104
       Chain mail        |       |    39 ||    39
Dodge: Dodged            |    53 |    36 ||    89
Block: Buckler           |    21 |    25 ||    46

Table legend: (Time is in decaauts)
 A = Elapsed time spent in this place.
 B = Non-inter-level travel time spent in this place.
 C = Inter-level travel time spent in this place.
 D = Time resting spent in this place.
 E = Time spent auto-exploring this place.
 F = Levels seen in this place.
 G = Mean time per level.
                   A        B        C        D        E       F      G
               +--------+--------+--------+--------+--------+-----+--------+
         Total |   2192 |   2178 |     14 |      0 |   1718 |   3 |  730.7 |
       Dungeon |   2192 |   2178 |     14 |      0 |   1718 |   3 |  730.7 |
               +--------+--------+--------+--------+--------+-----+--------+

Top non-repeatable levels by time:
     D:1: 1135 daAuts
     D:2: 901 daAuts
     D:3: 155 daAuts
